 Dungeon Crawl Stone Soup version 0.30-b1-5-g8e6c1be481 (webtiles) character file.

Game seed: 10848420574017031260

249 CrazyBamboolord the Charlatan (level 5, 0/41 HPs)
             Began as a Draconian Artificer on May 4, 2023.
             Slain by an orc wizard
             ... wielding a +0 dagger of distortion
              (2 damage)
             ... on level 4 of the Dungeon.
             The game lasted 00:06:44 (2395 turns).

CrazyBamboolord the Charlatan (Draconian Artificer) Turns: 2395, Time: 00:06:45

Health: 0/41       AC:  7    Str: 21    XL:     5   Next: 87%
Magic:  5/5        EV: 13    Int: 11    God:
Gold:   205        SH:  0    Dex: 13    Spells: 4/4 levels left

rFire   . . .        f - +0 short sword
rCold   . . .        (no shield)
rNeg    . . .        (body armour unavailable)
rPois   .            (helmet restricted)
rElec   .            t - +0 cloak
rCorr   .            r - +0 pair of gloves
SInv    .            (no boots)
Will    +....        (no amulet)
Stlth   +            a - ring of willpower
HPRegen 0.26/turn    h - +6 ring of strength
MPRegen 0.09/turn

%: no passive effects
@: confused, brilliant
A: AC +5, unfitting armour, cold-blooded
a: no special abilities


You were on level 4 of the Dungeon.
You visited 1 branch of the dungeon, and saw 4 of its levels.

You collected 205 gold pieces.

Inventory:

Hand Weapons
 f - a +0 short sword (weapon)
Missiles
 s - a throwing net
Armour
 r - a +0 pair of gloves (worn)
 t - a +0 cloak (worn)
Jewellery
 a - a ring of willpower (left hand)
 h - a +6 ring of strength (right hand)
Wands
 c - a wand of charming (13)
 d - a wand of iceblast (2) (quivered)
Scrolls
 b - a scroll of enchant armour {unknown}
 e - a scroll of immolation
 g - a scroll of identify
 i - 5 scrolls of poison
 l - a scroll of brand weapon
 n - a scroll of teleportation {unknown}
 o - a scroll of butterflies {unknown}
 p - 2 scrolls of amnesia
 q - a scroll of blinking {unknown}
 u - a scroll of magic mapping {unknown}
 v - a scroll of vulnerability {unknown}
Potions
 j - a potion of might
 k - a potion of invisibility
 m - a potion of mutation


   Skills:
 * Level 2.2 Fighting
 * Level 2.4 Short Blades
 * Level 3.5 Dodging
 * Level 2.2 Stealth
 * Level 4.1 Evocations


You had 4 spell levels left.
You didn't know any spells.
Your spell library was empty.

Dungeon Overview and Level Annotations

Branches:
Dungeon (4/15)
 Temple: D:4-7

Altars:


Innate Abilities, Weirdness & Mutations

Your plain brown scales are hard. (AC +5)
You cannot fit into any form of body armour.
You are cold-blooded and may be slowed by cold attacks.


Message History

The orc wizard is moderately wounded.
The orc wizard hits you but does no damage.
You hit the orc wizard.
The orc wizard is heavily wounded.
The orc wizard mumbles some strange words.
The orc wizard flickers and vanishes!
You miss something. You tail-slap something. Something hits you.
You closely miss something. You hit something.
Your tail-slap misses something.
You hear some strange, mumbled words.
A magic dart appears from out of thin air!
The magic dart hits you!
You closely miss something. Something hits you. Something barely misses you.
Aiming: Iceblast
Press: ? - help, Q - select action, (/) - cycle Shift-Dir - straight line The mass of ice explodes!
The iceblast engulfs something!
Reactivating autopickup.
You feel a bit more experienced.
Unknown command.
Aiming: Iceblast
Press: ? - help, Q - select action, (/) - cycle Shift-Dir - straight line The mass of ice explodes!
The iceblast engulfs something.
An orc wizard appears from thin air!
Unknown command.
You hit the orc wizard but do no damage.
The orc wizard is heavily wounded.
The orc wizard points at you and mumbles some strange words.
You are confused.
You closely miss the orc wizard.
The orc wizard is heavily wounded.
The orc wizard hits you but does no damage.
Space warps horribly around you!!
Ouch! That really hurt!
* * * LOW HITPOINT WARNING * * *
Unknown command.
It was a potion of brilliance.
You feel clever all of a sudden.
The orc wizard hits you with a +0 dagger of distortion.
You die...

.# ..# #.# #########.# #.#
#...)...#.# #.# #.#####.#.# #.#
#.#####.#.# #.# #.##...o..# #.#
#.##...@..#
#####.###.##......##########
#.........##......#.........
#.###.######......#.############
#.#..............†#.########....
#.#.>...........................
#.#.#.....#.......#........#....
#.#.#.....#.#####.####.###†#....
#.#.#...###. #.........<†....


You could see an orc wizard.

Vanquished Creatures
  Crazy Yiuf (D:2)
  Natasha (thrice) (D:2)
  Ijyb (D:3)
  An orc wizard (D:4)
  2 adders
  2 worms
  3 dart slugs
  6 ball pythons
  4 bats
  9 endoplasms
  2 giant cockroaches
  8 goblins
  5 hobgoblins
  2 jackals (D:4)
  6 kobolds
  2 quokkas
  4 frilled lizards
  7 rats
68 creatures vanquished.

Vanquished Creatures (collateral kills)
  An endoplasm (D:4)
1 creature vanquished.

Vanquished Creatures (others)
  An adder (D:4)
1 creature vanquished.

Grand Total: 70 creatures vanquished

Notes
Turn   | Place    | Note
-------+----------+-------------------------------------------
     0 | D:1      | CrazyBamboolord the Draconian Artificer began the quest for
                  | the Orb.
     0 | D:1      | Reached XP level 1. HP: 16/16 MP: 1/1
    16 | D:1      | Found a faded altar of an unknown god.
   131 | D:1      | Reached skill level 1 in Stealth
   175 | D:1      | Reached XP level 2. HP: 19/23 MP: 2/2
   613 | D:1      | Reached XP level 3. HP: 22/28 MP: 3/3
   684 | D:2      | Noticed Natasha
   695 | D:2      | Killed Natasha
   709 | D:2      | Reached skill level 1 in Short Blades
   768 | D:2      | Noticed Natasha
   776 | D:2      | Killed Natasha
   777 | D:2      | Reached XP level 4. HP: 19/36 MP: 4/4
   778 | D:2      | Noticed Natasha
   783 | D:2      | Killed Natasha
   964 | D:2      | Found a runed translucent door.
  1175 | D:2      | Reached skill level 4 in Evocations
  1454 | D:2      | Noticed Crazy Yiuf
  1465 | D:2      | Killed Crazy Yiuf
  1466 | D:2      | Reached XP level 5. HP: 21/41 MP: 5/5
  1884 | D:3      | Noticed Ijyb
  1897 | D:3      | Killed Ijyb
  2394 | D:4      | HP: 2/41 [orc wizard/+0 dagger of distortion (23)]
  2395 | D:4      | Slain by an orc wizard

Illustrated notes

Levels and vault maps discovered:
D:1:      minmay_arrival_loop, layout_rooms, basic_ecumenical_altar,
          grunt_decor_fettered, nrook_mini_vaults
D:2:      layout_basic, minmay_distorted, uniq_crazy_yiuf_cottage, uniq_natasha
D:3:      layout_basic, serial_bayou, serial_bayou_shore_b, serial_bayou_pond_c,
          serial_bayou_pond_e, serial_bayou_pond_e, uniq_ijyb
D:4:      cheibrodos_helix_gallery, layout_basic, grunt_temple_overflow_diamond,
          temple_green

Skill      XL: |  1  2  3  4  5 |
---------------+----------------+-----
Stealth        | 1 2 |  2.2
Short Blades   | 1 2 |  2.4
Dodging        | 3 |  3.5
Evocations     | 4 |  4.1
Fighting       | 2 |  2.2

Action                     |  1- 3 |  4- 6 || total
---------------------------+-------+-------++-------
  Melee: Club              |    19 |       ||    19
         Tailslap          |    15 |    15 ||    30
         Short sword       |   100 |   142 ||   242
         Punch             |       |     1 ||     1
  Evoke: Wand              |     5 |    15 ||    20
    Use: Scroll            |     1 |     5 ||     6
         Potion            |     1 |     1 ||     2
   Stab: Sleeping          |     4 |     4 ||     8
 Armour: Skin              |    56 |    42 ||    98
  Dodge: Dodged            |    88 |    90 ||   178
